 Dungeon Sprint DCSS version 0.17.1-3-g152610e (webtiles) character file.

3812 Kokonut the Blocker (level 9, -6/101 HPs)
             Began as a Troll Berserker on Mar 20, 2016.
             Was a High Priest of Trog.
             Mangled by an orc knight
             ... wielding a +0 great mace
              (38 damage)
             ... in the Dungeon (Sprint V: "Ziggurat Sprint").
             The game lasted 00:07:53 (254 turns).

Kokonut the Blocker (Troll Berserker)                Turns: 254, Time: 00:07:53

Health: -6/101     AC: 20    Str: 34    XL:     9   Next: 97%
Magic:  8/8        EV:  0    Int:  3    God:    Trog [*****.]
Gold:   0          SH: 32    Dex: 17    Spells: 0 memorised, 8 levels left

rFire  + . .     SeeInvis .     L - +5 demon whip
rCold  + . .     Clarity  .     j - +5 gold dragon armour
rNeg   + . .     SustAt   .     J - +18 shield of the gong {rElec rN+ MR+ EV-5}
rPois  +         Gourm    +     (helmet restricted)
rElec  +         Spirit   .     (no cloak)
rCorr  .         Warding  .     (gloves unavailable)
rMut   .         NoTele   +     (boots unavailable)
MR     +....                    (no amulet)
Stlth  ..........               C - +6 ring of dexterity
                                G - +6 ring of strength

@: exhausted, slowed, glowing, very slow, somewhat resistant to hostile
enchantments, extremely unstealthy
A: unfitting armour, claws 3, fast metabolism 3, gourmand, regeneration 2,
shaggy fur 1, tough skin 2
a: Berserk, Trog's Hand, Brothers in Arms, Burn Spellbooks, Renounce Religion


You were in the Dungeon.
You worshipped Trog.
Trog was extremely pleased with you.
You were not hungry.

You visited 1 branch

Inventory:

Hand Weapons
 a - a +0 mace
 K - a +5 giant spiked club
 L - a +5 demon whip (weapon)
Armour
 b - a +0 animal skin
 j - a +5 gold dragon armour (worn)
 J - the +18 shield of the gong (worn) {rElec rN+ MR+ EV-5}
   (You found it in the Dungeon)

   It affects your evasion (-5).
   It insulates you from electricity.
   It protects you from negative energy.
   It affects your resistance to hostile enchantments.
Jewellery
 C - a +6 ring of dexterity (right claw)
 D - a +6 ring of dexterity
 E - a +6 ring of intelligence
 F - a +6 ring of intelligence
 G - a +6 ring of strength (left claw)
 H - a +6 ring of strength
 I - an uncursed ring of flight
 M - the amulet "Hyleleg" {Faith Str+4}
   (You found it in the Dungeon)

   [amulet of faith]

   It allows you to gain divine favour quickly.
   It affects your strength (+4).
Wands
 y - a wand of disintegration (7)
 z - a wand of fire (5)
 A - a wand of cold (5)
 B - a wand of draining (5)
Scrolls
 i - 4 scrolls of blinking
 q - 3 scrolls of recharging
 r - 7 scrolls of fog
 s - a scroll of holy word
 t - 5 scrolls of identify
 u - 5 scrolls of remove curse
 v - 2 scrolls of fear
Potions
 d - 10 potions of curing
 e - 10 potions of heal wounds
 f - 6 potions of haste
 g - 7 potions of magic
 h - 3 potions of berserk rage
 k - 2 potions of brilliance
 l - 2 potions of invisibility
 m - 4 potions of resistance
 n - a potion of experience
 o - 5 potions of agility
 p - 5 potions of might
Comestibles
 c - 6 bread rations
 w - 42 fruits
 x - 3 meat rations


   Skills:
 + Level 10.2 Fighting
 - Level 12.3 Maces & Flails
 - Level 2.4 Dodging
 * Level 12.6 Shields


You had 8 spell levels left.
You didn't know any spells.

Dungeon Overview and Level Annotations

Branches:
Dungeon (1/1)

Altars:
Ashenzari
Cheibriados
Dithmenos
Elyvilon
Fedhas
Gozag
Kikubaaqudgha
Makhleb
Nemelex Xobeh
Okawaru
Qazlal
Ru
Sif Muna
Trog
Vehumet
Xom
Yredelemnul
Zin
The Shining One
Beogh
Jiyva
Lugonu


Innate Abilities, Weirdness & Mutations

You are too large for most types of armour.
You have claws for hands.
Your metabolism is lightning-fast.
You like to eat raw meat.
You heal very quickly.
You are covered in fur (AC +1).
You have very tough skin (AC +2).


Message History

PANG!
You block the daeva's attack.
BONNNG!
You block the daeva's attack.
GONNNNG!
Drink which item? (? for menu, Esc to quit)
Okay, then.
Read which item? (? for menu, Esc to quit)
Okay, then.
Your ogre goes berserk!
You feel somewhat more hungry. You block the orc knight's attack.
GONNNNG!
The daeva calls down the wrath of the Shining One upon you.
Something smites you!
You swap places.
Your ogre closely misses the orc knight.
The daeva completely misses your ogre.
The daeva hits your ogre with a long sword of holy wrath.
The orc knight hits you with a great mace!!!
You die...

▓.....▓.....▓.....▓
▓.....▓.....▓▓▓▓▓▓▓
▓▓▓▓▓▓▓▓▓▓▓▓▓▓
▓..8©8...▓
▓..:|[...▓
▓...|....▓
▓........▓
▓..)o)...▓
▓.▓AO@.▓.▓
▓........▓
▓▓▓▓▓▓▓▓▓▓


You could see a daeva, an orc knight and a friendly ogre (berserk).

Vanquished Creatures
  A vault warden (D)
  A deep elf knight (D)
  2 ironbrand convokers (D)
  A deep elf conjurer (D)
  2 deep elf fighters (D)
  2 deep elf magi (D)
  A necrophage (D)
  A phantom (D)
  A wight (D)
  A white imp (D)
  A bat skeleton (D)
14 creatures vanquished.

Notes
Turn   | Place    | Note
--------------------------------------------------------------
     0 | D        | Kokonut the Troll Berserker began the quest for the Orb.
     0 | D        | Reached XP level 1. HP: 22/22 MP: 0/0
     3 | D        | Found an iron altar of Okawaru.
     3 | D        | Found a radiant altar of Vehumet.
     3 | D        | Found a shimmering altar of Xom.
     3 | D        | Found a burning altar of Makhleb.
     4 | D        | Found a deep blue altar of Sif Muna.
     6 | D        | Found a roughly hewn altar of Beogh.
     6 | D        | Found a corrupted altar of Lugonu.
     6 | D        | Found a viscous altar of Jiyva.
     6 | D        | Found a white marble altar of Elyvilon.
     6 | D        | Found a sparkling altar of Nemelex Xobeh.
     6 | D        | Found a bloodstained altar of Trog.
    75 | D        | Entered arena 1.
    75 | D        | Noticed a deep elf mage
    75 | D        | Noticed a deep elf fighter
    82 | D        | Killed a deep elf fighter
    82 | D        | Reached skill level 9 in Maces & Flails
    82 | D        | Reached skill level 1 in Shields
    82 | D        | Reached XP level 2. HP: 29/29 MP: 1/1
    82 | D        | Reached XP level 3. HP: 36/36 MP: 2/2
    82 | D        | Reached XP level 4. HP: 44/44 MP: 3/3
    82 | D        | Reached XP level 5. HP: 50/50 MP: 4/4
    91 | D        | Killed a deep elf mage
    91 | D        | Reached ** piety under Trog
    91 | D        | Reached skill level 10 in Maces & Flails
    91 | D        | Reached XP level 6. HP: 62/62 MP: 5/5
   128 | D        | Entered arena 2.
   128 | D        | Noticed a deep elf conjurer
   128 | D        | Noticed a deep elf fighter
   128 | D        | Noticed a deep elf knight
   133 | D        | Killed a deep elf conjurer
   133 | D        | Reached *** piety under Trog
   133 | D        | Reached skill level 5 in Fighting
   133 | D        | Reached skill level 12 in Maces & Flails
   133 | D        | Reached skill level 5 in Shields
   133 | D        | Reached XP level 7. HP: 74/74 MP: 6/6
   135 | D        | Killed a deep elf fighter
   148 | D        | Killed a deep elf knight
   148 | D        | Reached **** piety under Trog
   148 | D        | Reached XP level 8. HP: 87/87 MP: 7/7
   186 | D        | Entered arena 3.
   186 | D        | Noticed a phantom
   186 | D        | Noticed a wight
   186 | D        | Noticed a necrophage
   195 | D        | Killed a necrophage
   202 | D        | Killed a wight
   207 | D        | Killed a phantom
   213 | D        | Got the amulet "Hyleleg" {Faith Str+4}
   221 | D        | Entered arena 4.
   221 | D        | Noticed an ironbrand convoker
   221 | D        | Noticed a vault warden
   221 | D        | Noticed an ironbrand convoker
   221 | D        | Noticed an orc knight
   225 | D        | Noticed a deep elf mage
   225 | D        | Noticed a daeva
   229 | D        | Killed an ironbrand convoker
   229 | D        | Reached skill level 10 in Shields
   229 | D        | Reached XP level 9. HP: 97/97 MP: 8/8
   237 | D        | Killed a vault warden
   240 | D        | Killed an ironbrand convoker
   240 | D        | Reached ***** piety under Trog
   240 | D        | Reached skill level 10 in Fighting
   242 | D        | Killed a deep elf mage
   250 | D        | Received a gift from Trog
   254 | D        | Mangled by an orc knight

Action                   |  1- 3 |  4- 6 |  7- 9 || total
-------------------------+-------+-------+-------++-------
Melee: Demon whip        |     5 |    12 |    62 ||    79
Invok: Berserk           |     1 |     1 |     1 ||     3
       Brothers in Arms  |       |       |     1 ||     1
  Eat: Meat ration       |       |       |     1 ||     1
